 Dungeon Sprint DCSS version 0.27.1-1-g398f81649c (webtiles) character file.

Game seed: 5500373658829536829

0 ugugthedestroyer the Skirmisher (level 1, 0/27 HPs)
             Began as a Demonspawn Abyssal Knight on Sept 7, 2021.
             Was a Follower of Lugonu.
             Slain by Sigmund (11 damage)
             ... in the Dungeon (Sprint VI: "Thunderdome").
             The game lasted 00:00:14 (53 turns).

ugugthedestroyer the Skirmisher (DsAK)                Turns: 53, Time: 00:00:14

Health: 0/27       AC:  3    Str: 12    XL:     1   Next: 16%
Magic:  2/2        EV: 11    Int: 13    God:    Lugonu [*.....]
Gold:   200        SH:  0    Dex: 12    Spells: 0/0 levels left

rFire    . . .     SeeInvis .   a - +1 falchion
rCold    . . .     Faith    .   (no shield)
rNeg     . . .     Spirit   .   b - +0 leather armour
rPois    .         Reflect  .   (no helmet)
rElec    .         Harm     .   (no cloak)
rCorr    .         Rampage  .   (no gloves)
Will     .....     NoTele   +   (no boots)
Stlth    ..........             (no amulet)
HPRegen  0.09/turn              (no ring)
MPRegen  0.08/turn              (no ring)

@: confused, berserking (expiring), lethally poisoned (0 -> -9), very quick
A: no striking features
a: Renounce Religion


You were in the Dungeon.
You worshipped Lugonu.
Lugonu was aware of your devotion.
You visited 1 branch You collected 200 gold pieces.

Inventory:

Hand Weapons
 a - a +1 falchion (weapon)
Armour
 b - a +0 leather armour (worn)
Wands
 j - a wand of acid (5)
 k - a wand of iceblast (5)
Scrolls
 h - 4 scrolls of blinking
 l - 3 scrolls of fog
Potions
 c - a potion of curing
 d - 4 potions of heal wounds
 e - 4 potions of haste
 f - 2 potions of magic
 i - a potion of resistance


   Skills:
 + Level 3.3 Fighting
 + Level 2.1 Long Blades
 + Level 1.9 Armour
 + Level 0.8 Dodging
 + Level 2.5 Invocations


You couldn't memorise any spells.
You didn't know any spells.
Your spell library was empty.

Dungeon Overview and Level Annotations

Branches:
Dungeon (1/1)

Altars:
Cheibriados
Dithmenos
Fedhas
Kikubaaqudgha
Makhleb
Okawaru
Qazlal
Sif Muna
Trog
Uskayaw
Wu Jian
Yredelemnul
Zin
The Shining One
Beogh
Jiyva
Lugonu

Shops:
D ?*?*:[((!!!!

Annotations:
D Sigmund


Message History

You barely miss the goblin. The goblin hits you with a +0 club. x2
You slash the goblin!
You kill the goblin!
Lugonu accepts your kill.
Your Long Blades skill increases to level 2!
You see here a +0 club.
You see here a +0 club.
Found a viscous altar of Jiyva.
Found a corrupted altar of Lugonu.
Found Lopeacyrgh's Distillery.
Found Ruvvubb's Do-It-Yourself Clinic.
Found three altars.
Found Mairowoa's Distillery and Demm's Bottled Wisdom.
Found an ornate altar of the Wu Jian Council.
Found a glowing golden altar of the Shining One.
Sigmund the Dreaded comes into view.
He is wielding a +2 scythe of venom.
Found Jufoexta's Weapon Rack.
Found Humaamure's Basic Armour and Jetug's Miscellaneous Merchandise.
Found Ojireikk's Premium Goods.
Found a hide-covered altar of Uskayaw and a shimmering blue altar of Sif Muna.
Sigmund closely misses you. Sigmund gestures at you while chanting.
The puff of flame misses you.
You closely miss Sigmund.
Sigmund points at you and mumbles some strange words.
You are confused.
A red film seems to cover your vision as you go berserk!
You feel yourself moving faster!
You feel mighty!
An ufetubus comes into view.
Sigmund barely misses you.
You barely miss Sigmund.
The ufetubus shouts!
Unknown command.
Sigmund hits you from afar with a +2 scythe of venom.
You are poisoned.
Unknown command.
You feel a strong urge to attack something.
You feel sick.
You feel sick.
Sigmund hits you from afar with a +2 scythe of venom!
You die...

......8.# #.8........∩##
........###.............
.....###...###..........
..... #.<.# #..........
..... #...###..........
........###.............
......8. #.8........∩##
......###......___∩##
#.8........@8.######
#⌠...........⌠#
###......@..###
#_........# #....5..._#
#_......._# #∩.......∩#
##∩.....∩## ##.....##


You could see Sigmund and an ufetubus.

Vanquished Creatures
  A goblin (D)
1 creature vanquished.

Notes
Turn   | Place    | Note
-------+----------+-------------------------------------------
     0 | D        | ugugthedestroyer the Demonspawn Abyssal Knight began the
                  | quest for the Orb.
     0 | D        | Reached XP level 1. HP: 18/18 MP: 2/2
     3 | D        | Found a bloodstained altar of Trog.
     3 | D        | Found a basalt altar of Yredelemnul.
     4 | D        | Found a shadowy altar of Dithmenos.
     5 | D        | Found a stormy altar of Qazlal.
     5 | D        | Found a snail-covered altar of Cheibriados.
     5 | D        | Round 1.
     6 | D        | Found a burning altar of Makhleb.
     6 | D        | Found a blossoming altar of Fedhas.
     6 | D        | Found Lefrymam's Magic Scroll Shop.
     6 | D        | Found Voveug's Staff Store.
     7 | D        | Found Heafic's Magic Scroll Shop.
     7 | D        | Found Gokhladd's Must-Have Magic.
    21 | D        | Found a viscous altar of Jiyva.
    26 | D        | Found a corrupted altar of Lugonu.
    28 | D        | Found Lopeacyrgh's Distillery.
    30 | D        | Found an iron altar of Okawaru.
    30 | D        | Found an ancient bone altar of Kikubaaqudgha.
    30 | D        | Found Ruvvubb's Do-It-Yourself Clinic.
    31 | D        | Found Mairowoa's Distillery.
    31 | D        | Found Demm's Bottled Wisdom.
    39 | D        | Found an ornate altar of the Wu Jian Council.
    41 | D        | Noticed Sigmund
    42 | D        | Found Jufoexta's Weapon Rack.
    44 | D        | Found Humaamure's Basic Armour.
    44 | D        | Found Jetug's Miscellaneous Merchandise.
    45 | D        | Found a hide-covered altar of Uskayaw.
    45 | D        | Found a shimmering blue altar of Sif Muna.
    45 | D        | Found Ojireikk's Premium Goods.
    53 | D        | Slain by Sigmund

Illustrated notes

Levels and vault maps discovered:
D:        arena_sprint

Skill      XL: |  1 |
---------------+----+-----
Long Blades    | 2 |  2.1
Fighting       | |  3.3
Armour         | |  1.9
Dodging        | |  0.8
Invocations    | |  2.5

Action                   || total
-------------------------++-------
Melee: Falchion          ||     5
  Use: Potion            ||     1
Dodge: Dodged            ||     4
